 Dungeon Crawl Stone Soup version 0.30-b1-2-g02819fbbbe (webtiles) character file.

Game seed: 8195314271006603436

104 Dirian the Slasher (level 4, -3/41 HPs)
             Began as a Minotaur Monk on May 11, 2023.
             Constricted to death by Ijyb (4 damage)
             ... on level 3 of the Dungeon.
             The game lasted 00:02:06 (1856 turns).

Dirian the Slasher (Minotaur Monk)                  Turns: 1856, Time: 00:02:07

Health: -3/41      AC:  8    Str: 18    XL:     4   Next: 52%
Magic:  3/3        EV:  7    Int:  7    God:
Gold:   144        SH:  0    Dex: 12    Spells: 3/3 levels left

rFire   . . .        a - +0 falchion
rCold   + . .        d - orb {light}
rNeg    . . .        g - +0 scale mail
rPois   .            (helmet restricted)
rElec   .            r - +1 cloak
rCorr   .            (no gloves)
SInv    .            (no boots)
Will    .....        (no amulet) Stlth
                     (no ring)
HPRegen 0.26/turn    (no ring)
MPRegen 0.08/turn

%: random rage (3%)
@: grasped by roots, glowing, constricted
A: horns 2, retaliatory headbutt, berserk 1, cold resistance 1, subdued magic 1
a: no special abilities


You were on level 3 of the Dungeon.
You visited 1 branch of the dungeon, and saw 3 of its levels.

You collected 144 gold pieces.

Inventory:

Hand Weapons
 a - a +0 falchion (weapon)
Armour
 d - an orb of light (worn)
 g - a +0 scale mail (worn)
 r - a +1 cloak (worn)
Scrolls
 j - 4 scrolls of identify {unknown}
 n - a scroll of teleportation {unknown}
 o - 2 scrolls of enchant armour {unknown}
 p - a scroll of vulnerability {unknown}
Potions
 c - a potion of ambrosia
 e - 4 potions of attraction {unknown}
 f - 2 potions of lignification {unknown}
 h - a potion of haste {unknown}
 i - 3 potions of curing {unknown}
 k - 3 potions of heal wounds {unknown}
 l - a potion of resistance {unknown}
 m - a potion of flight {unknown}
 q - a potion of brilliance {unknown}
 s - 2 potions of invisibility {unknown}


   Skills:
 + Level 4.6 Fighting
 + Level 5.1 Long Blades
 * Level 2.4 Armour
 - Level 3.2 Dodging


You had 3 spell levels left.
You didn't know any spells.
Your spell library contained the following spells:

 Spells                   Type           Power      Damage    Failure   Level
 Apportation              Tloc           0%         N/A       80%         1
 Kiss of Death            Conj/Necr      0%         2d5       80%         1
 Necrotise                Necr           0%         1d4       80%         1
 Summon Small Mammal      Summ           0%         N/A       80%         1
 Confusing Touch          Hex            0%         N/A       99%         3
 Volatile Blastmotes      Fire/Tloc      0%         2d10      99%         3
 Dispel Undead            Necr           0%         3d6       100%        4
 Fulminant Prism          Conj/Hex       0%         3d5       100%        4
 Iskenderun's Mystic Bla  Conj/Tloc      0%         2d3       100%        4
 Lee's Rapid Deconstruct  Erth           0%         3d4*      100%        5


Dungeon Overview and Level Annotations

Branches:
Dungeon (3/15) Zot: 16135

Altars:
Kikubaaqudgha

Annotations:
D:3 1 runed translucent door, Crazy Yiuf, Ijyb


Innate Abilities, Weirdness & Mutations

You have a pair of horns on your head.
You reflexively headbutt those who attack you in melee.
You sometimes lose your temper in combat.
Your flesh is cold resistant. (rC+)
Your spells are a little easier to cast, but a little less powerful.


Message History

The grasping roots constrict you.
The grasping roots release their grip on you.
You hit Ijyb. You headbutt Ijyb.
Ijyb is moderately wounded.
Ijyb hits you with a +2 spectral club.
You hit Ijyb but do no damage.
Ijyb is moderately wounded.
Ijyb barely misses you.
You hit Ijyb but do no damage.
Ijyb is moderately wounded.
Ijyb hits you with a +2 spectral club.
You completely miss Ijyb.
Ijyb is moderately wounded.
Ijyb closely misses you. You furiously retaliate!
You headbutt Ijyb, but do no damage. You hit Ijyb but do no damage.
You headbutt Ijyb, but do no damage.
Ijyb is moderately wounded.
Ijyb hits you with a +2 spectral club.
* * * LOW HITPOINT WARNING * * *
You hit Ijyb but do no damage. You headbutt Ijyb.
Ijyb is moderately wounded.
Ijyb barely misses you.
You hit Ijyb but do no damage.
Ijyb is moderately wounded.
Ijyb hits you with a +2 spectral club.
* * * LOW HITPOINT WARNING * * *
It was a potion of mutation.
You feel extremely strange.
Your connection to magic feels subdued.
You feel a little pissed off.
You feel resistant to cold.
Ijyb zaps a wand.
The roots erupt in riotous growth!
The grasping roots grab you!
Ijyb is unaffected.
The grasping roots constrict you.
* * * LOW HITPOINT WARNING * * *
You barely miss Ijyb.
Ijyb is moderately wounded.
Ijyb grins evilly.
Ijyb hits you with a +2 spectral club.
* * * LOW HITPOINT WARNING * * *
The grasping roots constrict you.
You die...

#.#..###.# #.#
#.#.# #
#.#..###.# #.#
#.#.# .........#
#.# #.#.#
#.#..##### #.#
#.# #.#..... ..#
#.. ....##### ###
### #.### #.#
#################
#.#
#........@g......
..#
#.....##########.
..# #.....# ..##
#.....# #..#
#.....#
##.#######.###
†.........[#
...#.#######
...#.#


You could see Ijyb.

Vanquished Creatures
  Robin (D:2)
  3 worms
  4 dart slugs
  4 bats
  8 endoplasms
  A giant cockroach (D:2)
  9 goblins
  11 hobgoblins
  8 jackals (D:1)
  4 kobolds
  3 quokkas
  2 ball pythons (D:1)
  A frilled lizard (D:1)
  6 rats
65 creatures vanquished.

Notes
Turn   | Place    | Note
-------+----------+-------------------------------------------
     0 | D:1      | Dirian the Minotaur Monk began the quest for the Orb.
     0 | D:1      | Reached XP level 1. HP: 19/19 MP: 0/0
   209 | D:1      | Reached XP level 2. HP: 22/27 MP: 1/1
   250 | D:1      | Reached skill level 4 in Long Blades
   251 | D:1      | Reached skill level 1 in Armour
   474 | D:1      | Reached XP level 3. HP: 33/33 MP: 2/2
  1175 | D:2      | Found an ancient bone altar of Kikubaaqudgha.
  1181 | D:2      | Noticed Robin
  1193 | D:2      | Killed Robin
  1200 | D:2      | Reached XP level 4. HP: 37/41 MP: 3/3
  1666 | D:3      | Reached skill level 5 in Long Blades
  1704 | D:3      | Found a runed translucent door.
  1705 | D:3      | Noticed Crazy Yiuf
  1839 | D:3      | Noticed Ijyb
  1855 | D:3      | Gained mutation: Your spells are a little easier to cast,
                  | but a little less powerful. [potion of mutation]
  1855 | D:3      | Gained mutation: You sometimes lose your temper in combat.
                  | [potion of mutation]
  1855 | D:3      | Gained mutation: Your flesh is cold resistant. (rC+)
                  | [potion of mutation]
  1856 | D:3      | HP: 1/41 [Ijyb/+2 spectral club (5)]
  1856 | D:3      | Constricted to death by Ijyb

Illustrated notes

Levels and vault maps discovered:
D:1:      erik_arrival_triangle_small, layout_loops_corners,
          nicolae_figureground_pulse
D:2:      layout_basic, basic_altar, uniq_robin
D:3:      layout_loops_ring, kennysheep_vampire_church, minmay_misc_feat_iff,
          nicolae_figureground_sparkle, uniq_ijyb, uniq_crazy_yiuf_cottage

Skill      XL: |  1  2  3  4 |
---------------+-------------+-----
Fighting       | 4 |  4.6
Long Blades    | 4 5 |  5.1
Armour         | 1 2 |  2.4
Dodging        | |  3.2

Action                     |  1- 3 |  4- 6 || total
---------------------------+-------+-------++-------
  Melee: Falchion          |    65 |    47 ||   112
         Headbutt          |    14 |    10 ||    24
    Use: Potion            |       |     1 ||     1
 Armour: Robe              |     5 |       ||     5
         Scale mail        |    22 |     9 ||    31
  Dodge: Dodged            |    35 |    17 ||    52
